 Dungeon Sprint DCSS version 0.31-a0-841-g038b102fc3 (webtiles) character file.

Game seed: 16848583349200175985

11344 sircluck the Brawler (level 11, -5/126 (131) HPs)
             Began as a Troll Berserker on Sept 27, 2023.
             Was the Champion of Trog.
             Slain by a shadow wraith (18 damage)
             ... in the Dungeon (Sprint VII: "The Pits").
             The game lasted 00:03:18 (1218 turns).

sircluck the Brawler (Troll Berserker)              Turns: 1218, Time: 00:03:18

HP:   -5/126 (131)  AC:  4    Str: 34    XL:     11   Next: 48%
MP:   10/10         EV: 17    Int:  3    God:    Trog [******]
Gold: 0             SH:  0    Dex:  9    Spells: 10/10 levels left

rFire   . .          .
                       - Unarmed
rCold   . . .        (no shield)
rNeg    . . .        a - +0 animal skin
rPois   .            (helmet restricted)
rElec   .            (no cloak)
rCorr   .            (gloves unavailable)
SInv    .            (boots unavailable)
Will    .....        (no amulet)
Stlth   +            n - +3 ring of strength
HPRegen 1.21/turn    l - +3 ring of evasion
MPRegen 0.12/turn

%: no teleportation
@: slowed, lightly drained, very slow
A: large, unfitting armour, claws 3, regeneration 1, shaggy fur 1, tough skin 1
a: Renounce Religion, Berserk, Trog's Hand, Brothers in Arms


You were in the Dungeon.
You worshipped Trog.
Trog was exalted by your worship.
You visited 1 branch

Inventory:

Missiles
 p - 6 large rocks (quivered)
Armour
 a - a +0 animal skin (worn)
Jewellery
 l - a +3 ring of evasion (right claw)
 n - a +3 ring of strength (left claw)
Wands
 k - a wand of flame (22)
Scrolls
 g - a scroll of blinking
 i - 2 scrolls of vulnerability
 j - a scroll of summoning
Potions
 b - 7 potions of curing
 c - 12 potions of heal wounds
 d - 2 potions of haste
 e - 4 potions of magic
 f - 3 potions of berserk rage
 h - 2 potions of invisibility
 m - 2 potions of might
 o - 2 potions of mutation


   Skills:
 + Level 14.5 Fighting
 + Level 14.3 Dodging
 + Level 16.8 Unarmed Combat


You had 10 spell levels left.
You didn't know any spells.
Your spell library was empty.

Dungeon Overview and Level Annotations

Branches:
Dungeon (1/1)

Altars:
Ashenzari
Cheibriados
Dithmenos
Elyvilon
Fedhas
Gozag
Hepliaklqana
Kikubaaqudgha
Makhleb
Nemelex Xobeh
Okawaru
Qazlal
Ru
Sif Muna
Trog
Uskayaw
Vehumet
Wu Jian
Xom
Yredelemnul
Zin
The Shining One
Jiyva
Lugonu


Innate Abilities, Weirdness & Mutations

You are too large for most types of armour.
You have claws for hands.
Your natural rate of healing is unusually fast.
You are covered in fur. (AC +1)
You have tough skin. (AC +1)


Message History

The kobold brigand is lightly wounded.
The wight closely misses you. The kobold brigand closely misses you.
Something hits you. Something drains your vigour!
You feel yourself slow down. Something hits you but does no damage.
The orc misses you.
You mangle the kobold brigand!!
You kill the kobold brigand!
Trog accepts your kill. Trog grants you a weapon!
Something appears at your feet!
You see here a +4 triple sword of flaming.
The orc hits you but does no damage.
The wight hits you from afar with a +0 halberd!
Something hits you. x2; Something drains your vigour!
You feel as though you will be slow longer.
Unknown command.
Unknown command.
You scratch something but do no damage.
You hear some strange, mumbled words.
A magic dart appears from out of thin air!
The magic dart hits you! The orc barely misses you. Something hits you!
You are too injured to fight recklessly!
You are too injured to fight recklessly!
You are too injured to fight recklessly!
You are too injured to fight recklessly!
You are too injured to fight recklessly!
You scratch something but do no damage. Something hits you.
Something drains your vigour!
You feel as though you will be slow longer.
You barely miss something. You claw something!! Something hits you!
* * * LOW HITPOINT WARNING * * *
Something drains your vigour!
You feel as though you will be slow longer.
You claw something! Something hits you.
* * * LOW HITPOINT WARNING * * *
You claw something! Your claw misses something. Something closely misses you.
Your iron troll goes berserk!
Something hits you!!
* * * LOW HITPOINT WARNING * * *
Something hits you!!
You die...

#......'..+ .##
#.....##))## ..#
#...###))).### ...
#..##........###.###
#''#...#..#...#....#
#.............'zoo.+
#''#...#..#...#{Oo.#
#..##........###{##
#...###....###.)@.#
#.....##..##.....##
##.....)..†)...T##
###...'.))...###
############


You could see a two-headed ogre (ally target), a wight, 3 orcs and a friendly
iron troll (summoned, berserk).

Vanquished Creatures
  An alligator snapping turtle (D)
  A two-headed ogre (D)
  A death yak (D)
  An orc high priest (D)
  3 hell hogs (D)
  A sun demon (D)
  A lindwurm (D)
  A deep elf zephyrmancer (D)
  An orc sorcerer (D)
  A necromancer (D)
  A cyclops (D)
  A gargoyle (D)
  2 kobold demonologists (D)
  A rime drake (D)
  2 efreet (D)
  A komodo dragon (D)
  A troll (D)
  2 spriggans (D)
  A ynoxinul (D)
  A wyvern (D)
  A small abomination (D)
  2 black bears (D)
  2 orc warriors (D)
  2 ogres (D)
  A wolf (D)
  A centaur (D)
  6 kobold brigands (D)
  Blork the orc (D)
  A gnoll sergeant (D)
  A necrophage (D)
  4 wights (D)
  7 killer bees (D)
  A hound (D)
  Jessica (D)
  An orc wizard (D)
  3 gnolls (D)
  A river rat (D)
  A white imp (D)
  An adder zombie (D)
  An adder skeleton (D)
  5 orcs (D)
  A bat (D)
  2 bat skeletons (D)
  A bat zombie (D)
  An endoplasm (D)
  2 goblins (D)
  A hobgoblin (D)
  A ball python skeleton (D)
  A bat simulacrum (D)
  4 kobolds (D)
  A quokka skeleton (D)
  A rat (D)
85 creatures vanquished.

Notes
Turn   | Place    | Note
-------+----------+-------------------------------------------
     0 | D        | sircluck the Troll Berserker began the quest for the Orb.
     0 | D        | Reached XP level 1. HP: 22/22 MP: 0/0
    11 | D        | Noticed a gnoll sergeant
    11 | D        | Noticed a kobold demonologist
    13 | D        | Noticed a chaos spawn
    14 | D        | Noticed a soul eater
    16 | D        | Reached XP level 2. HP: 31/31 MP: 1/1
    17 | D        | Killed a gnoll sergeant
    18 | D        | Reached skill level 5 in Unarmed Combat
    18 | D        | Reached XP level 3. HP: 40/40 MP: 2/2
    18 | D        | Reached XP level 4. HP: 49/49 MP: 3/3
    21 | D        | Reached ** piety under Trog
    28 | D        | Killed a kobold demonologist
    29 | D        | Reached skill level 8 in Unarmed Combat
    29 | D        | Reached XP level 5. HP: 62/62 MP: 4/4
    29 | D        | Reached XP level 6. HP: 71/71 MP: 5/5
    91 | D        | Noticed a small abomination
   102 | D        | Killed a small abomination
   102 | D        | Reached *** piety under Trog
   103 | D        | Reached skill level 9 in Unarmed Combat
   147 | D        | Noticed a wyvern
   152 | D        | Killed a wyvern
   153 | D        | Reached XP level 7. HP: 65/80 MP: 6/6
   171 | D        | Noticed a sun demon
   179 | D        | Reached skill level 10 in Unarmed Combat
   184 | D        | Killed a sun demon
   184 | D        | Reached **** piety under Trog
   185 | D        | Reached skill level 11 in Unarmed Combat
   185 | D        | Reached XP level 8. HP: 91/92 MP: 7/7
   191 | D        | Noticed an efreet
   203 | D        | Killed an efreet
   204 | D        | Reached skill level 10 in Fighting
   272 | D        | Found a bloodstained altar of Trog.
   272 | D        | Found a shimmering blue altar of Sif Muna.
   272 | D        | Found a viscous altar of Jiyva.
   272 | D        | Found a hazy altar of Hepliaklqana.
   272 | D        | Found an opulent altar of Gozag.
   273 | D        | Found a glowing golden altar of the Shining One.
   273 | D        | Found a glowing silver altar of Zin.
   273 | D        | Found a basalt altar of Yredelemnul.
   273 | D        | Found a shimmering altar of Xom.
   273 | D        | Found an ornate altar of the Wu Jian Council.
   273 | D        | Found a sacrificial altar of Ru.
   273 | D        | Found a stormy altar of Qazlal.
   273 | D        | Found an iron altar of Okawaru.
   273 | D        | Found a sparkling altar of Nemelex Xobeh.
   273 | D        | Found a burning altar of Makhleb.
   273 | D        | Found a blossoming altar of Fedhas.
   273 | D        | Found a white marble altar of Elyvilon.
   273 | D        | Found a shadowy altar of Dithmenos.
   273 | D        | Found a snail-covered altar of Cheibriados.
   275 | D        | Found a radiant altar of Vehumet.
   275 | D        | Found a corrupted altar of Lugonu.
   276 | D        | Found a hide-covered altar of Uskayaw.
   276 | D        | Found an ancient bone altar of Kikubaaqudgha.
   276 | D        | Found a broken altar of Ashenzari.
   310 | D        | Reached ***** piety under Trog
   325 | D        | Received a gift from Trog
   389 | D        | Noticed Jessica
   417 | D        | Reached skill level 10 in Dodging
   422 | D        | Killed Jessica
   431 | D        | Reached skill level 12 in Unarmed Combat
   455 | D        | Received a gift from Trog
   462 | D        | Reached XP level 9. HP: 91/102 MP: 8/8
   464 | D        | Noticed Blork the orc
   467 | D        | Reached ****** piety under Trog
   472 | D        | Killed Blork the orc
   506 | D        | Noticed an orc high priest
   506 | D        | Noticed a deep elf zephyrmancer
   507 | D        | Noticed an orc sorcerer
   510 | D        | Killed a deep elf zephyrmancer
   511 | D        | Reached skill level 13 in Unarmed Combat
   512 | D        | Noticed an orange demon
   512 | D        | Noticed a smoke demon
   513 | D        | Killed an orc sorcerer
   520 | D        | Noticed an ice devil
   521 | D        | Killed an orc high priest
   523 | D        | Received a gift from Trog
   524 | D        | Reached XP level 10. HP: 48/115 MP: 9/9
   692 | D        | Noticed a gargoyle
   694 | D        | Noticed a hell hog
   694 | D        | Noticed a hell hog
   695 | D        | Noticed a hell hog
   699 | D        | Killed a gargoyle
   700 | D        | Reached skill level 14 in Unarmed Combat
   702 | D        | Killed a hell hog
   702 | D        | Identified the +7 bardiche of the Unstoppable Runes {flame,
                  | rC++ rN+} (Trog gifted it to you in the Dungeon)
   702 | D        | Received a gift from Trog
   705 | D        | Killed a hell hog
   711 | D        | Killed a hell hog
   798 | D        | Noticed an alligator snapping turtle
   799 | D        | Noticed a cyclops
   842 | D        | Killed an alligator snapping turtle
   843 | D        | Reached skill level 15 in Unarmed Combat
   846 | D        | Killed a cyclops
   916 | D        | Noticed a necromancer
   925 | D        | Killed a necromancer
   926 | D        | Received a gift from Trog
  1036 | D        | Reached XP level 11. HP: 80/127 MP: 10/10
  1036 | D        | Received a gift from Trog
  1048 | D        | Reached skill level 16 in Unarmed Combat
  1048 | D        | Received a gift from Trog
  1107 | D        | Noticed a lindwurm
  1107 | D        | Noticed a two-headed ogre
  1107 | D        | Noticed a death yak
  1110 | D        | Killed a two-headed ogre
  1115 | D        | Killed a lindwurm
  1118 | D        | Killed a death yak
  1187 | D        | Received a gift from Trog
  1205 | D        | Noticed a two-headed ogre
  1211 | D        | Received a gift from Trog
  1218 | D        | Slain by a shadow wraith

Illustrated notes

Levels and vault maps discovered:
D:        pitsprint [storerooms_1, entrance_room_1, metal_vault_4, armoury_1,
          mini_pit_1, grid_room_1, main_hall_1, silver_pit, the_coven_1,
          the_vestibule_1, steel_vault_3, golden_pit, hallway_of_sentries,
          crystal_vault_1, iron_vault_1, final_vault]

Skill      XL: |  1  2  3  4  5  6  7  8  9 10 11 |
---------------+----------------------------------+-----
Fighting       | 3 4 7 8 9 10 11 13 14 | 14.5
Dodging        | 3 4 7 8 9 10 11 13 14 | 14.3
Unarmed Combat | 5 8 9 11 12 13 15 16 | 16.8

Action                     |  1- 3 |  4- 6 |  7- 9 | 10-12 || total
---------------------------+-------+-------+-------+-------++-------
  Melee: Unarmed           |     3 |    19 |    81 |   107 ||   210
         Punch             |       |     1 |     4 |     7 ||    12
 Invoke: Berserk           |     1 |     1 |     1 |     4 ||     7
         Brothers in Arms  |       |       |       |     1 ||     1
 Armour: Animal skin       |     1 |     7 |    49 |    71 ||   128
  Dodge: Dodged            |     1 |     6 |    52 |    65 ||   124

Table legend: (Time is in decaauts)
 A = Elapsed time spent in this place.
 B = Non-inter-level travel time spent in this place.
 C = Inter-level travel time spent in this place.
 D = Time resting spent in this place.
 E = Time spent auto-exploring this place.
 F = Levels seen in this place.
 G = Mean time per level.
                   A        B        C        D        E       F      G
               +--------+--------+--------+--------+--------+-----+--------+
         Total |   1223 |   1146 |     77 |    420 |    104 |   1 | 1223.0 |
       Dungeon |   1223 |   1146 |     77 |    420 |    104 |   1 | 1223.0 |
               +--------+--------+--------+--------+--------+-----+--------+

Top non-repeatable levels by time:
       D: 1223 daAuts
